AoeStats
← daitoudaguo

Arabia

510721008Analyzed
1v1 RM · 14h ago on Oct 2, 2026· 42m 44s· 2 players
Game mode
Random Map
Map size
Tiny (2 player)
Population
200
Speed
Normal
Resources
Standard
Victory
Conquest
Starting age
Dark Age
Ending age
Imperial Age
RankedLock teamsTeams togetherTeam positionsShared explorationLock speedFull tech treeHidden civsTurbo modeCheats
Victory
Defeat
🇨🇳 Magyars · China
1302
+14
🇦🇺 Berbers · Australia
1265
-14
NAB
7:09 Loom
9:35 Feudal Age
11:38 Double-Bit Axe
16:37 Horse Collar
17:59 Wheelbarrow
20:28 Castle Age
21:12 Forging
23:18 Husbandry
24:45 Redemption
24:58 Padded Archer Armor
27:04 Leather Archer Armor
28:12 Fletching
30:32 Ballistics
30:30 Bow Saw
30:21 Heavy Plow
31:00 Bloodlines
32:31 Hand Cart
34:46 Thumb Ring
37:14 Imperial Age
35:14 Bodkin Arrow
38:10 Bracer
38:40 Ring Archer Armor
39:13 Chemistry
37:38 Light Cavalry
39:06 Scale Barding Armor
39:21 Hussar
40:13 Elite Genitour
40:45 Pikeman
daitoudaguo
6:07 Loom
9:08 Feudal Age
20:11 Horse Collar
22:38 Castle Age
21:29 Bloodlines
21:12 Double-Bit Axe
21:57 Fletching
22:08 Padded Archer Armor
22:51 Town Watch
23:38 Bow Saw
24:05 Bodkin Arrow
24:50 Husbandry
26:09 Ballistics
29:29 Wheelbarrow
30:38 Heavy Plow
33:16 Hand Cart
37:16 Imperial Age
34:24 Elite Skirmisher
35:09 Thumb Ring
35:07 Light Cavalry
35:55 Scale Barding Armor
36:59 Leather Archer Armor
37:04 Chain Barding Armor
37:58 Hussar
39:16 Plate Barding Armor
39:21 Conscription
39:40 Bracer
Connection lost

Rejoining the realm…

Still unreachable

The connection could not be restored.

Session expired

The server has moved on; the page needs a fresh start.